AoeStats
← Carple

Arena

508835832Analyzed
4v4 RM · 9d ago on Sep 24, 2026· 45m 46s· 8 players
Game mode
Random Map
Map size
Large (8 player)
Population
200
Speed
Normal
Resources
Standard
Victory
Conquest
Starting age
Dark Age
Ending age
Imperial Age
RankedLock teamsTeams togetherTeam positionsShared explorationLock speedFull tech treeHidden civsTurbo modeCheats
Victory
Defeat
1016
+12
🇨🇱 Cumans · Chile
984
+13
🇨🇦 Spanish · Canada
944
+15
🇦🇺 Ethiopians · Australia
737
+24
🇬🇷 Britons · Greece
965
-18
🇲🇦 Turks · Morocco
926
-16
🇪🇸 Franks · Spain
889
-15
🇰🇭 Varangians · Cambodia
887
-15
ken091617
11:20 Feudal Age
10:21 Loom
12:39 Double-Bit Axe
15:11 Castle Age
14:21 Horse Collar
16:18 Bow Saw
19:40 Heavy Plow
22:51 Wheelbarrow
22:55 Stone Mining
23:51 Gold Mining
25:49 Hand Cart
29:48 Imperial Age
28:21 Forging
28:26 Scale Barding Armor
29:38 Bloodlines
29:28 Husbandry
30:10 Iron Casting
29:36 Scale Mail Armor
29:54 Gambesons
30:09 Squires
29:56 Arson
31:15 Conscription
31:55 Crop Rotation
31:48 Chain Barding Armor
34:14 Blast Furnace
33:07 Elite Varangian Guard
33:46 Pikeman
34:09 Vendel Legacy
35:06 Halberdier
36:42 Chain Mail Armor
39:22 Gothikon
aggelos
12:52 Feudal Age
17:30 Castle Age
15:16 Horse Collar
15:51 Double-Bit Axe
18:36 Bow Saw
18:29 Heavy Plow
23:05 Gold Mining
23:11 Stone Mining
24:52 Gold Shaft Mining
25:51 Wheelbarrow
25:10 Fletching
24:49 Crossbowman
28:21 Hand Cart
28:34 Bodkin Arrow
28:41 Padded Archer Armor
32:11 Imperial Age
30:04 Ballistics
31:02 Leather Archer Armor
33:57 Chemistry
32:59 Bracer
33:30 Ring Archer Armor
32:46 Arbalester
38:50 Fortified Wall
nyx
13:11 Feudal Age
18:11 Castle Age
16:17 Double-Bit Axe
16:28 Gold Mining
22:32 Imperial Age
21:46 Bow Saw
26:17 Gold Shaft Mining
25:59 Horse Collar
29:37 Wheelbarrow
30:21 Stone Mining
33:32 Hand Cart
MMURIEL
3:02 Loom
10:44 Feudal Age
12:21 Wheelbarrow
11:33 Double-Bit Axe
14:05 Man-at-Arms
17:11 Forging
20:28 Castle Age
19:39 Stone Mining
21:36 Hand Cart
23:23 Bow Saw
23:23 Husbandry
Carple
10:37 Feudal Age
11:07 Double-Bit Axe
11:35 Loom
17:04 Castle Age
15:43 Horse Collar
16:04 Stone Mining
16:19 Gold Mining
16:56 Forging
17:15 Fletching
20:07 Wheelbarrow
20:05 Bloodlines
19:55 Husbandry
23:23 Husbandry
23:38 Scale Barding Armor
25:14 Padded Archer Armor
25:39 Town Watch
27:55 Bow Saw
29:31 Leather Archer Armor
30:18 Hand Cart
30:25 Heavy Plow
31:05 Stone Shaft Mining
35:23 Imperial Age
33:15 Bodkin Arrow
34:42 Chain Barding Armor
34:58 Iron Casting
35:27 Cavalier
37:35 Paladin
37:36 Light Cavalry
39:05 Plate Barding Armor
39:38 Blast Furnace
43:37 Town Patrol
44:14 Bracer
45:09 Spies/Treason
Good Knight
7:08 Loom
10:36 Feudal Age
12:20 Wheelbarrow
12:01 Double-Bit Axe
12:09 Town Watch
12:19 Horse Collar
21:26 Castle Age
22:26 Stone Mining
22:29 Gold Mining
22:58 Heavy Plow
23:11 Bow Saw
23:10 Thumb Ring
27:28 Crossbowman
34:31 Imperial Age
35:53 Ballistics
38:49 Gold Shaft Mining
41:10 Imperial Age
39:01 Hand Cart
44:04 Chemistry
44:08 Two-Man Saw
44:03 Town Patrol
OvertChunk95
3:36 Loom
12:52 Feudal Age
17:48 Castle Age
19:26 Double-Bit Axe
20:23 Horse Collar
22:18 Wheelbarrow
22:58 Bow Saw
25:36 Bloodlines
30:48 Imperial Age
29:28 Steppe Husbandry
29:37 Scale Barding Armor
29:43 Forging
30:20 Bloodlines
31:44 Iron Casting
31:30 Chain Barding Armor
31:51 Hand Cart
33:47 Blast Furnace
33:18 Elite Steppe Lancer
34:18 Heavy Plow
35:26 Plate Barding Armor
35:21 Gold Mining
36:16 Conscription
37:22 Two-Man Saw
37:43 Gold Shaft Mining
36:59 Stone Mining
40:21 Fletching
Will Troll If Not Arena
9:54 Feudal Age
10:44 Double-Bit Axe
13:53 Castle Age
12:02 Horse Collar
15:27 Bow Saw
19:57 Wheelbarrow
22:26 Hand Cart
23:03 Gold Mining
23:12 Stone Mining
26:00 Gold Shaft Mining
29:06 Imperial Age
28:07 Town Watch
28:07 Loom
31:04 Imperial Age
29:14 Town Patrol
29:28 Scale Mail Armor
29:38 Forging
29:30 Squires
29:15 Arson
29:33 Heavy Plow
30:47 Fortified Wall
30:58 Chain Mail Armor
31:07 Capped Ram
31:11 Elite Samurai
32:12 Conscription
32:53 Plate Mail Armor
32:58 Iron Casting
33:12 Hoardings
34:29 Two-Man Saw
34:56 Murder Holes
36:24 Blast Furnace
35:15 Fletching
37:30 Hoardings
39:38 Bodkin Arrow
39:36 Treadmill Crane
39:47 Guard Tower
39:42 Arrowslits
40:18 Ballistics
39:54 Murder Holes
40:07 Siege Engineers
40:24 Ballistics
43:53 Spies/Treason
Connection lost

Rejoining the realm…

Still unreachable

The connection could not be restored.

Session expired

The server has moved on; the page needs a fresh start.